 Dungeon Crawl Stone Soup version 0.29-a0-341-g24ffce5b50 (webtiles) character file.

Game seed: 15573704071592768150

1 Cecur the Caller (level 1, -2/13 HPs)
             Began as a Demonspawn Summoner on Apr 21, 2022.
             Slain by a jackal (3 damage)
             ... on level 1 of the Dungeon.
             The game lasted 00:00:28 (37 turns).

Cecur the Caller (Demonspawn Summoner)                Turns: 37, Time: 00:00:29

Health: -2/13      AC:  2    Str:  8    XL:     1   Next: 16%
Magic:  0/3        EV: 12    Int: 16    God:
Gold:   0          SH:  0    Dex: 13    Spells: 3/4 levels left

rFire   . . .      SeeInvis .   (no weapon)
rCold   . . .      Faith    .   (no shield)
rNeg    . . .      Spirit   .   a - +0 robe
rPois   .          Reflect  .   (no helmet)
rElec   .          Harm     .   (no cloak)
rCorr   .          Rampage  .   (no gloves)
Will    .....                   (no boots)
Stlth   ++........              (no amulet)
HPRegen 0.04/turn               (no ring)
MPRegen 0.08/turn               (no ring)

@: no status effects
A: no striking features
a: no special abilities


You were on level 1 of the Dungeon.
You visited 1 branch of the dungeon, and saw 1 of its levels.

Inventory:

Armour
 a - a +0 robe (worn)
Potions
 b - a potion of magic


   Skills:
 + Level 1.7 Dodging
 + Level 1.7 Stealth
 + Level 2.0 Spellcasting
 + Level 4.0 Summonings


You had 3 spell levels left.
You knew the following spells:

 Your Spells              Type           Power      Damage    Failure   Level
a - Summon Small Mammal   Summ           56%        N/A       4%          1

Your spell library contained the following spells:

 Spells                   Type           Power      Damage    Failure   Level
 Call Imp                 Summ           14%        N/A       6%          2
 Call Canine Familiar     Summ           14%        N/A       12%         3
 Summon Guardian Golem    Hex/Summ       8%         N/A       26%         3
 Summon Lightning Spire   Summ/Air       8%         N/A       65%         4


Dungeon Overview and Level Annotations

Branches:
Dungeon (1/15)

Altars:


Message History

Your bat hits the jackal but does no damage.
The jackal bites you but does no damage.
The hobgoblin misses you.
Your rat bites the jackal but does no damage.
You barely miss the hobgoblin.
The hobgoblin is moderately wounded.
The jackal barely misses you.
Your bat misses the jackal. The hobgoblin hits you.
* * * LOW HITPOINT WARNING * * *
Your rat closely misses the jackal.
The jackal barely misses you.
Your bat barely misses the jackal.
The hobgoblin barely misses your rat.
Your rat bites the jackal.
Your bat hits the jackal. The jackal bites you.
* * * LOW HITPOINT WARNING * * *
The hobgoblin misses your rat.
Your rat misses the jackal.
Casting: Summon Small Mammal (safe; 4% risk of failure)
Confirm with . or Enter, or press ? or * to list all spells.
Your bat disappears in a puff of smoke!
The jackal bites you.
* * * LOW HITPOINT WARNING * * *
The jackal closely misses you. The hobgoblin hits your rat.
Your rat bites the jackal.
Your bat hits the jackal but does no damage.
The jackal bites your rat but does no damage.
The hobgoblin hits your rat but does no damage.
Your rat bites the jackal but does no damage.
You see here a +6 ring of dexterity.
Your bat barely misses the jackal.
The jackal bites your rat. The hobgoblin hits your rat.
Your rat dies!
Your rat's corpse disappears in a puff of smoke!
Casting: Summon Small Mammal (safe; 4% risk of failure)
Confirm with . or Enter, or press ? or * to list all spells.
Your bat barely misses the jackal.
The jackal barely misses your bat.
Unknown command.
You hit the jackal but do no damage.
The jackal is almost dead.
Your bat barely misses the jackal.
Your bat closely misses the hobgoblin.
The jackal bites you.
You die...

#♣♣♣## ..
+.@..##...
+.gh......
####..b.b...(
#♣♣......♣#....
#.....♣♣♣♣ ...
#..####### ..
#..'.....# .
##..###...#
#...#<'...#


You could see a jackal (ally target), a hobgoblin (ally target) and 2 friendly
bats.

Vanquished Creatures (collateral kills)
  A jackal (D:1)
1 creature vanquished.

Notes
Turn   | Place    | Note
-------+----------+-------------------------------------------
     0 | D:1      | Cecur the Demonspawn Summoner began the quest for the Orb.
     0 | D:1      | Reached XP level 1. HP: 13/13 MP: 3/3
    37 | D:1      | Slain by a jackal

Illustrated notes

Levels and vault maps discovered:
D:1:      sevenhm_arrival_forest_fort_small_5, layout_loops_ring,
          nicolae_ecumenical_lake_church

Action                   || total
-------------------------++-------
Melee: Unarmed           ||    11
       Punch             ||     1
 Cast: Summon Small Mamm ||     4
Armor: Robe              ||     2
Dodge: Dodged            ||    15

Table legend: (Time is in decaauts)
 A = Elapsed time spent in this place.
 B = Non-inter-level travel time spent in this place.
 C = Inter-level travel time spent in this place.
 D = Time resting spent in this place.
 E = Time spent auto-exploring this place.
 F = Levels seen in this place.
 G = Mean time per level.
                   A        B        C        D        E       F      G
               +--------+--------+--------+--------+--------+-----+--------+
         Total |     37 |     37 |      0 |      0 |     15 |   1 |   37.0 |
       Dungeon |     37 |     37 |      0 |      0 |     15 |   1 |   37.0 |
               +--------+--------+--------+--------+--------+-----+--------+

Top non-repeatable levels by time:
     D:1: 37 daAuts
